AoeStats
← ZombieDaleEarnhardt

Migration

508171530Analyzed
1v1 RM · 12d ago on Sep 21, 2026· 43m 41s· 2 players
Game mode
Random Map
Map size
132×132
Population
200
Speed
Normal
Resources
Standard
Victory
Conquest
Starting age
Dark Age
Ending age
Imperial Age
RankedLock teamsTeams togetherTeam positionsShared explorationLock speedFull tech treeHidden civsTurbo modeCheats
Victory
Defeat
🇨🇳 Wu · China
991
+15
🇺🇸 Spanish · United States
972
-15
ZombieDaleEarnhardt
3:06 Loom
13:18 Feudal Age
13:49 Double-Bit Axe
13:50 Fishing Lines
14:04 Town Watch
19:25 Castle Age
19:12 Wheelbarrow
18:42 Fletching
20:14 Bodkin Arrow
20:39 Bow Saw
20:44 Gold Mining
25:02 Medium Warships
25:25 Horse Collar
30:45 Imperial Age
32:59 Supremacy
33:17 Ballistics
35:11 Chemistry
35:35 Shipwright
35:29 Clinker Construction
36:33 Elite Cannon Galleon
40:18 Gillnets
42:29 Heavy Warships
machine
7:13 Loom
10:29 Feudal Age
11:20 Double-Bit Axe
18:23 Fishing Lines
21:34 Castle Age
22:49 Bow Saw
22:21 Horse Collar
22:51 Stone Mining
22:51 Gold Mining
23:48 Medium Warships
24:32 Wheelbarrow
24:50 Squires
26:01 Gold Shaft Mining
26:03 Stone Shaft Mining
26:32 Gillnets
28:39 Fletching
28:49 Padded Archer Armor
29:25 Hand Cart
33:12 Imperial Age
32:25 Murder Holes
32:28 Bodkin Arrow
32:48 Leather Archer Armor
35:20 Chemistry
35:38 Heavy Warships
36:11 Ballistics
40:12 Town Watch
40:35 Sitting Tiger
40:37 Elite Fire Archer
Connection lost

Rejoining the realm…

Still unreachable

The connection could not be restored.

Session expired

The server has moved on; the page needs a fresh start.